Map: Zen LE

Players

Zaro

  • Race: Zerg Zerg
  • League: Silver
  • Spawn Location: 7:00

ViBE - Winner!

  • Race: Zerg Zerg
  • League: Bronze
  • Spawn Location: 1:00

VOD

https://www.youtube.com/watch?v=kuS_PgtyAP8&list=PLFeZeom2b4DmHduNHeFj-6PfoasuSQn3P&index=2

Description

Time

  • Played on: Dec. 4, 2019, 6:46 p.m.
  • Length: 10:52
Show
View Real Time Build Order
Export as new Build Order

Zaro Zerg 

Build Orders: Hatch First, Roach Hydra 

Get SALT Encoding   

  12  0:21  Drone  
  12  0:22  Drone  
  14  0:33  Overlord  
  14  0:52  Drone x2  
  16  0:59  Hatchery  
  15  1:06  Drone x2  
  17  1:16  Spawning Pool  
  16  1:23  Drone  
  17  1:27  Drone  
  18  1:33  Extractor  
  18  1:37  Drone  
  18  1:48  Drone  
  19  1:58  Drone  
  20  2:10  Drone  
  20  2:11  Queen  
  20  2:14  Queen  
  20  2:15  Drone  
  26  2:25  Drone  
  26  2:27  Spine Crawler  
  26  2:29  Drone  
  27  2:33  Drone  
  28  2:38  Overlord  
  28  2:54  Overlord  
  28  2:56  Pneumatized Carapace, Queen  
  28  2:58  Overlord x2  
  30  3:02  Drone  
  31  3:10  Drone  
  31  3:11  Drone  
  33  3:15  Extractor  
  33  3:16  Drone x2  
  34  3:25  Evolution Chamber  
  33  3:28  Drone x3  
  36  3:38  Roach Warren  
  35  4:03  Drone x6  
  35  4:04  Drone x2, Overlord  
  43  4:12  Zerg Missile Weapons Level 1  
  43  4:25  Extractor  
  43  4:28  Lair, Drone  
  43  4:29  Drone x4  
  47  4:46  Queen  
  47  4:47  Evolution Chamber  
  47  4:52  Hatchery  
  47  5:02  Roach x6  
  47  5:03  Roach  
  47  5:07  Roach  
  63  5:38  Roach x2  
  63  5:39  Glial Reconstitution  
  63  5:42  Overlord x2  
  67  5:43  Overlord  
  67  5:49  Drone  
  68  5:51  Extractor  
  68  5:53  Drone  
  68  6:02  Roach x2  
  68  6:03  Roach x2  
  76  6:06  Zerg Ground Armor Level 1  
  76  6:15  Queen  
  78  6:19  Drone x2  
  78  6:20  Drone x4, Overlord x3  
  84  6:37  Hydralisk Den  
  83  6:46  Roach x7  
  83  6:47  Roach x3  
  95  6:51  Queen  
  85  7:02  Roach x5  
  95  7:27  Queen  
  97  7:33  Grooved Spines, Hydralisk x4  
  97  7:34  Hydralisk x3  
  97  7:35  Overlord  
  111  7:40  Metabolic Boost  
  111  7:47  Overseer  
  111  7:52  Hydralisk  
  111  7:53  Hydralisk x2  
  117  8:09  Hydralisk x3  
  123  8:17  Extractor  
  123  8:18  Queen  
  124  8:22  Extractor  
  123  8:33  Hydralisk  
  123  8:34  Hydralisk x2  
  89  8:43  Hydralisk x2  
  89  8:44  Muscular Augments  
  85  9:25  Infestation Pit  
  85  9:27  Roach x4  
  85  9:28  Roach x5, Overlord x3  
  85  9:29  Roach x4, Hydralisk x2  
  85  9:30  Roach  
  116  9:32  Drone x2  
  116  9:33  Drone x2  
  120  9:48  Overseer  
  120  10:06  Spire  
Show
View Real Time Build Order
Export as new Build Order

ViBE Zerg - Winner!

Build Orders: Hatch First, Roach Hydra 

Get SALT Encoding   

  12  0:01  Drone  
  13  0:12  Overlord  
  13  0:16  Drone  
  14  0:31  Drone x2  
  16  0:38  Drone  
  17  0:54  Hatchery  
  16  1:03  Drone  
  16  1:04  Drone  
  18  1:16  Spawning Pool  
  17  1:21  Drone  
  17  1:22  Drone  
  19  1:29  Drone  
  20  1:35  Extractor  
  20  1:40  Drone  
  20  2:01  Drone x2  
  20  2:06  Queen x2  
  26  2:16  Overlord  
  26  2:19  Drone x2  
  28  2:42  Drone  
  28  2:43  Drone x3  
  32  2:45  Lair, Queen  
  32  2:50  Overlord  
  34  2:53  Overlord  
  34  2:59  Drone  
  35  3:06  Drone  
  35  3:09  Drone  
  37  3:16  Drone x6  
  37  3:17  Drone  
  44  3:27  Drone  
  44  3:28  Drone  
  46  3:34  Roach Warren  
  46  3:35  Extractor  
  46  3:36  Extractor  
  46  3:38  Drone x2, Evolution Chamber  
  44  3:45  Drone  
  45  3:50  Drone  
  45  3:51  Drone x2  
  48  3:59  Hatchery, Overlord x3  
  47  4:05  Zerg Missile Weapons Level 1  
  47  4:14  Roach  
  47  4:15  Roach  
  51  4:20  Roach x3  
  51  4:21  Roach x2  
  51  4:22  Roach  
  63  4:24  Roach  
  65  4:41  Drone x6  
  71  4:49  Overlord x3  
  71  4:53  Drone x3  
  74  5:03  Hydralisk Den  
  74  5:04  Evolution Chamber  
  74  5:05  Drone x2  
  75  5:07  Drone  
  75  5:09  Drone  
  75  5:11  Drone  
  77  5:18  Drone x2  
  79  5:21  Drone  
  79  5:22  Drone  
  79  5:23  Glial Reconstitution  
  79  5:28  Drone x6  
  87  5:34  Drone  
  88  5:37  Drone, Extractor  
  88  5:39  Extractor  
  87  5:46  Zerg Ground Armor Level 1  
  87  5:47  Grooved Spines  
  87  5:49  Hatchery  
  86  5:53  Drone  
  86  5:54  Drone x3  
  86  5:56  Drone  
  91  5:58  Drone  
  91  6:03  Drone x5  
  97  6:04  Overlord  
  97  6:05  Overlord  
  97  6:06  Overlord  
  97  6:16  Zerg Missile Weapons Level 2  
  97  6:21  Extractor  
  96  6:30  Drone x2  
  96  6:31  Drone  
  99  6:41  Roach x14  
  121  6:50  Overlord x2  
  121  6:53  Overlord  
  119  6:59  Muscular Augments  
  119  7:00  Drone x4  
  119  7:02  Drone x2  
  119  7:05  Drone  
  119  7:07  Drone x3  
  125  7:18  Queen  
  127  7:26  Extractor  
  127  7:27  Extractor  
  125  7:31  Drone x2  
  125  7:34  Hydralisk x7  
  125  7:35  Hydralisk x3  
  147  7:37  Hatchery  
  147  7:38  Overlord  
  146  7:45  Overlord x5  
  146  8:00  Hydralisk x7  
  146  8:02  Hydralisk  
  162  8:06  Hydralisk  
  164  8:17  Hydralisk x7  
  164  8:18  Hydralisk x2  
  182  8:22  Zerg Ground Armor Level 2  
  182  8:32  Infestation Pit  
  171  8:34  Hydralisk  
  171  8:35  Hydralisk x8  
  171  8:39  Hydralisk  
  175  8:42  Hydralisk x5  
  185  8:52  Hydralisk x4  
  185  8:55  Hydralisk  
  193  8:57  Hydralisk  
  193  8:59  Hydralisk  
  199  9:06  Drone  
  200  10:16  Spire  
  199  10:48  Hatchery  
  199  10:49  Hatchery x2  
  199  10:50  Hatchery  
Tags
 
Add a new tag
Caveats
  • Supply blocks, unpowered buildings, or Contaminate may cause inaccurate times.
  • Supply counts are checked every 10 seconds.